 Dungeon Crawl Stone Soup version 0.28-a0-991-g956f0ee3d5 (webtiles) character file.

Game seed: 15496088615635658807

140432 Peloso the Hoplite (level 16, -16/152 HPs)
             Began as a Minotaur Fighter on Dec 5, 2021.
             Was the Champion of Okawaru.
             Constricted to death by Cigotuvi's Monster (18 damage)
             ... in a wizard's laboratory.
             The game lasted 01:07:45 (26587 turns).

Peloso the Hoplite (Minotaur Fighter)              Turns: 26587, Time: 01:07:45

Health: -16/152    AC: 22    Str: 25      XL:     16   Next: 75%
Magic:  1/16       EV:  4    Int:  2      God:    Okawaru [******]
Gold:   3741       SH: 36    Dex: 25 (26) Spells: 15/15 levels left

rFire   + + .      SeeInvis .   a - +3 double sword (freeze)
rCold   . . .      Faith    .   c - +18 shield of the Gong {rElec rN+ Will+ EV-5}
rNeg    + . .      Spirit   .   d - +3 plate armour {rF+}
rPois   .          Reflect  .   L - +1 hat {Will+}
rElec   +          Harm     .   m - scarf {repulsion}
rCorr   .          Rampage  .   P - +3 Mad Mage's Maulers {Infuse+∞, RegenMP, Int-3}
Will    +++..      Rage     3%  U - +0 pair of boots of Taezxil {rElec Dex+5}
Stlth   ..........              p - amulet of regeneration
HPRegen 1.15/turn               M - +6 ring of dexterity
MPRegen 0.55/turn               Q - ring of Attitude {rElec rF+ Str+3 Dex+2}

@: constricted, studying Staves, repel missiles
A: horns 2, retaliatory headbutt, [berserk 2], [deformed body], [deterioration
2], [weak 2]
a: Renounce Religion, Heroism, Finesse, Duel


You were in a wizard's laboratory.
You worshipped Okawaru.
Okawaru was exalted by your worship.
You visited 5 branches of the dungeon, and saw 27 of its levels.
You also visited: Gauntlet, Volcano and Wizlab.

You collected 3741 gold pieces.

Inventory:

Hand Weapons
 a - a +3 double sword of freezing (weapon)
 b - a +4 scimitar of flaming
 J - the +9 falchion of Peril {drain, rElec Int+4}
   (Okawaru gifted it to you on level 2 of the Elven Halls)

   A truly terrible weapon, it drains the life of any living foe it strikes.
   Int:       It affects your intelligence (+4).
   rElec:     It insulates you from electricity.
Missiles
 r - a throwing net (quivered)
Armour
 c - the +18 shield of the Gong (worn) {rElec rN+ Will+ EV-5}
   (You found it on level 9 of the Dungeon)

   It is deafeningly noisy when blocking attacks.
   EV:        It affects your evasion (-5).
   rElec:     It insulates you from electricity.
   rN:        It protects you from negative energy.
   Will:      It increases your willpower.
 d - a +3 plate armour of fire resistance (worn)
 m - a scarf of repulsion (worn)
 L - a +1 hat of willpower (worn)
 P - the +3 Mad Mage's Maulers (worn) {Infuse+∞, RegenMP, Int-3}
   (You found it in a Gauntlet)

   It empowers its wearer's blows with all of their magic.
   It causes its wearer's magical reserves to regenerate more quickly.
   Int:       It affects your intelligence (-3).
 U - the +0 pair of boots of Taezxil (worn) {rElec Dex+5}
   (Okawaru gifted it to you on level 3 of the Lair of Beasts)

   Dex:       It affects your dexterity (+5).
   rElec:     It insulates you from electricity.
Jewellery
 l - a ring of willpower
 p - an amulet of regeneration (around neck)
 s - a +4 ring of slaying
 B - a +6 ring of strength
 F - a +6 ring of dexterity
 K - a +6 ring of dexterity
 M - a +6 ring of dexterity (left hand)
 O - a ring of resist corrosion
 Q - the ring of Attitude (right hand) {rElec rF+ Str+3 Dex+2}
   (You found it in a Gauntlet)

   [ring of protection from fire]

   Str:       It affects your strength (+3).
   Dex:       It affects your dexterity (+2).
   rF:        It protects you from fire.
   rElec:     It insulates you from electricity.
 S - a ring of protection from cold
Wands
 g - a wand of digging (1)
 w - a wand of polymorph (4)
 y - a wand of iceblast (2)
Scrolls
 h - a scroll of immolation
 i - 8 scrolls of teleportation
 k - a scroll of enchant armour
 q - 9 scrolls of blinking
 x - 3 scrolls of fear
 D - a scroll of enchant weapon
 E - a scroll of acquirement
Potions
 e - 3 potions of resistance
 f - 5 potions of flight
 j - 4 potions of mutation
 n - a potion of berserk rage {unknown}
 o - 11 potions of degeneration
 t - 9 potions of curing
 z - 4 potions of brilliance {unknown}
 A - 4 potions of haste
 G - 4 potions of heal wounds {unknown}
 H - 2 potions of attraction {unknown}
 I - a potion of might
 N - 2 potions of invisibility
 Z - a potion of cancellation {unknown}
Miscellaneous
 u - a phantom mirror


   Skills:
 + Level 16.3 Fighting
 + Level 1.7(11.2) Short Blades
 + Level 18.3(18.4) Long Blades
 + Level 15.2 Armour
 + Level 5.6 Dodging
 + Level 2.1 Stealth
 + Level 21.8 Shields
 + Level 1.6 Invocations
 + Level 1.1 Evocations


You had 15 spell levels left.
You didn't know any spells.
Your spell library contained the following spells:

 Spells                   Type           Power      Damage    Failure   Level
 Foxfire                  Conj/Fire      0%         2x1d4     99%         1
 Magic Dart               Conj           0%         1d3       99%         1
 Pain                     Necr           0%         1d4       99%         1
 Sandblast                Erth           0%         2d4       99%         1
 Shock                    Conj/Air       0%         1d3       99%         1
 Corpse Rot               Necr/Air       0%         N/A       100%        2
 Passwall                 Tmut/Erth      0%         N/A       100%        2
 Poisonous Vapours        Pois/Air       0%         N/A       100%        2
 Conjure Flame            Conj/Fire      0%         6-21      100%        3
 Gell's Gravitas          Tloc           0%         N/A       100%        3
 Inner Flame              Hex/Fire       0%         N/A       100%        3
 Lesser Beckoning         Tloc           0%         N/A       100%        3
 Stone Arrow              Conj/Erth      0%         3d7       100%        3
 Swiftness                Air            0%         N/A       100%        3
 Teleport Other           Tloc           0%         N/A       100%        3
 Vampiric Draining        Necr           0%         2d6       100%        3
 Airstrike                Air            0%         N/A       100%        4
 Flame Wave               Conj/Fire      0%         2d4       100%        4
 Olgreb's Toxic Radiance  Pois           0%         N/A       100%        4
 Agony                    Necr           0%         N/A       100%        5
 Borgnjor's Vile Clutch   Necr/Erth      0%         N/A       100%        5
 Excruciating Wounds      Necr           0%         N/A       100%        5
 Eringya's Noxious Bog    Tmut/Pois      0%         N/A       100%        6
 Ozocubu's Refrigeration  Ice            0%         4d5       100%        7
 Storm Form               Tmut/Air       0%         N/A       100%        7
 Ignition                 Fire           0%         3d3       100%        8
 Maxwell's Capacitive Co  Air            0%         ∞         100%        8
 Animate Skeleton         Necr           Unusable   N/A       N/A         1
 Animate Dead             Necr           Unusable   N/A       N/A         4
 Summon Lightning Spire   Summ/Air       Unusable   N/A       N/A         4
 Summon Forest            Summ/Tloc      Unusable   N/A       N/A         5
 Death Channel            Necr           Unusable   N/A       N/A         6
 Summon Hydra             Summ           Unusable   N/A       N/A         7

Dungeon Overview and Level Annotations

Branches:
Dungeon (15/15)            Temple (1/1) D:7            Lair (6/6) D:11
  Swamp (0/4) Lair:4        Snake (0/4) Lair:3        Slime (0/5) Lair:5
    Orc (2/2) D:11            Elf (3/3) Orc:2        Vaults (0/5) D:14
 Depths (0/4) D:15        Volcano (visited)          WizLab (1/1)
Gauntlet (visited)

Altars:
Ashenzari
Cheibriados
Dithmenos
Elyvilon
Fedhas
Gozag
Hepliaklqana
Kikubaaqudgha
Makhleb
Nemelex Xobeh
Okawaru
Qazlal
Ru
Sif Muna
Trog
Uskayaw
Vehumet
Wu Jian
Xom
Yredelemnul
Zin
The Shining One
Beogh
Jiyva

Shops:
D:13 ((   Orc:2 [(:*(   Elf:1 :

Portals:
Trove: D:15 (give +6 demon blade)

Annotations:
D:4 2 runed translucent doors, xoxolimbo's ghost, amateur DsFE
D:13 Casa
D:14 2 runed translucent doors, exclusion: orange crystal statue
D:15 3 runed translucent doors, Bankemomn's ghost, journeyman NaIE
Lair:5 1 runed translucent door


Innate Abilities, Weirdness & Mutations

You have a pair of horns on your head.
You reflexively headbutt those who attack you in melee.
[You often lose your temper in combat.]
[Armour fits poorly on your strangely shaped body.]
[Your body often deteriorates upon taking damage.]
[You are very weak. (Str -4)]


Message History

You hit Cigotuvi's Monster but do no damage.
You headbutt Cigotuvi's Monster.
Cigotuvi's Monster is heavily wounded.
You block Cigotuvi's Monster's attack.
PTOANNNG!
You block Cigotuvi's Monster's attack.
PANG!
Cigotuvi's Monster completely misses you.
Cigotuvi's Monster constricts you!!
You hear a horrible gurgling sound! x3; You hear a shout!
You hit Cigotuvi's Monster. You freeze Cigotuvi's Monster.
Cigotuvi's Monster is heavily wounded.
The large abomination hits you!!
* * * LOW HITPOINT WARNING * * *
Your body deteriorates!
You feel clumsy.
Unknown command.
You hit Cigotuvi's Monster but do no damage.
Cigotuvi's Monster is heavily wounded.
Cigotuvi's Monster hits you but does no damage.
Cigotuvi's Monster tramples you!
* * * LOW HITPOINT WARNING * * *
You are held in place!
You block Cigotuvi's Monster's attack.
GONNNNG!
Cigotuvi's Monster constricts you!!
* * * LOW HITPOINT WARNING * * *
A red very ugly thing comes into view.
You block the large abomination's attack.
BONNNG!
You hear a horrible gurgling sound!
You hear a roar!
Unknown command.
You slice Cigotuvi's Monster!! You freeze Cigotuvi's Monster.
You headbutt Cigotuvi's Monster.
Cigotuvi's Monster is severely wounded.
You block Cigotuvi's Monster's attack.
GONNNNG!
Cigotuvi's Monster tramples you.
* * * LOW HITPOINT WARNING * * *
You are held in place!
You block Cigotuvi's Monster's attack.
GONNNNG!
Cigotuvi's Monster constricts you!!
You die...

#∩# *#### ***,****,,,**
###'###...#*#...,,*,,,,,*
.#...#o....**...,,,,,,,,*
.#...#.....,*#..,,,,,,,,*
u#...#u....,*#..,,,,,,,,*
##...######,**..,,,,,,,,*
###'####..#***#u##*,,,,,*
.#...##....** #XH#**,,,**
.#...#uu.§.,* #.@# *****
p#...#uu...,* #..##**,,**
o#...##u...** #...##,,,,*
###'####..#* ##...+,,,,*
.#...#.#### #...#,,,,*
x#.†.#..#### ##'###**,**
x#.†.#p....####...####**
##...#e....#.........####
###'####..##...###.....†#


You could see a red very ugly thing, Cigotuvi's Monster and a large abomination.

Vanquished Creatures
  Jorgrun (D:12)
  Gastronok (D:8)
  Kirke (D:14)
  Agnes (Elf:1)
  An orc warlord (Orc:1)
  A deep elf sorcerer (Elf:1)
  A deep elf elementalist (Elf:1)
  A deep elf demonologist (Elf:2)
  A minotaur (Gauntlet)
  2 fire dragons (D:15)
  The ghost of Htamos the Geomancer, a journeyman TrEE of the Shining One (Lair:1)
  Harold (D:7)
  A vault guard (D:14)
  2 boulder beetles
  4 centaur warriors
  8 hydras
  6 dancing weapons
  5 death yaks (Lair:5)
  The ghost of Gargoyl the Fighter, a novice GnAK of Lugonu (Lair:1)
  An orc high priest (Orc:1)
  A tengu warrior (D:15)
  3 two-headed ogres (D:15)
  9 deep elf knights
  5 skeletal warriors (D:14)
  A fire crab (Lair:6)
  3 goliath frogs (Lair:6)
  11 deep elf archers
  4 orc knights
  2 wizards (Gauntlet)
  An orb spider (shapeshifter) (WizLab)
  5 large abominations (WizLab)
  7 orc sorcerers
  25 deep elf pyromancers
  3 manticores
  A cyclops (D:14)
  14 deep elf zephyrmancers
  19 ugly things
  7 elephants
  Joseph (D:10)
  A black mamba (Lair:5)
  2 toenail golems (Volcano)
  Maurice (D:12)
  2 vault sentinels (D:9)
  2 molten gargoyles (Volcano)
  An unseen horror (D:12)
  15 rime drakes
  4 gargoyles
  26 cane toads
  11 komodo dragons
  2 efreet (Volcano)
  A troll (shapeshifter) (WizLab)
  2 tyrant leeches (Lair:6)
  A wind drake (shapeshifter) (D:8)
  Grinder (D:5)
  A hornet (D:9)
  9 trolls
  12 dream sheep
  29 blink frogs
  Prince Ribbit (D:7)
  A raiju (Gauntlet)
  A dream sheep (shapeshifter) (Elf:2)
  6 slime creatures
  A raiju (shapeshifter) (Elf:3)
  A redback (shapeshifter) (WizLab)
  2 air elementals (Elf:2)
  A hog (shapeshifter) (Elf:3)
  16 humans (D:14)
  5 water elementals
  15 wyverns
  3 fire elementals (Volcano)
  A wraith (D:12)
  9 basilisks
  A hog (D:14)
  3 steam dragons
  Eustachio (D:5)
  An iron golem (WizLab)
  16 vampire mosquitoes
  29 yaks
  4 nagas (Lair:3)
  An acid dragon (D:10)
  3 swamp worms (Gauntlet)
  4 hell hounds
  A water moccasin (shapeshifter) (Elf:2)
  13 water moccasins
  6 small abominations (WizLab)
  An ice beast (D:8)
  A swamp drake (D:11)
  36 orc warriors
  2 sky beasts
  2 black bears (D:6)
  A hornet zombie (D:8)
  2 necrophages (D:6)
  8 wolves
  3 boggarts (D:14)
  13 ogres
  17 centaurs
  2 kobold brigands
  15 bullfrogs
  6 scorpions
  2 earth elementals (Volcano)
  3 wyvern zombies
  A water moccasin skeleton (D:5)
  6 killer bees (D:9)
  10 wights
  An electric eel (Elf:1)
  6 howler monkeys
  3 bullfrog zombies
  A human zombie (D:6)
  A jelly (D:6)
  19 orc priests
  9 centaur zombies
  A centaur skeleton (D:6)
  A gnoll shaman (D:6)
  3 hounds
  A bullfrog skeleton (D:7)
  2 iguanas (D:13)
  14 orc wizards
  Ijyb (D:4)
  Natasha (thrice) (D:2)
  4 hell rats (Lair:4)
  2 killer bee zombies
  A hound zombie (D:5)
  3 mummies (D:6)
  A howler monkey zombie (D:9)
  Robin (D:4)
  2 adders (D:6)
  6 gnolls
  4 shadow imps
  4 white imps
  2 ufetubi
  An adder skeleton (D:4)
  2 worms (D:2)
  5 dart slugs
  63 orcs
  4 bats
  9 endoplasms
  6 giant cockroaches
  17 goblins
  7 hobgoblins
  3 jackals (D:2)
  A quokka (D:3)
  5 ball pythons
  3 frilled lizards
  13 kobolds
  8 rats
  A butterfly (Lair:4)
  3 fire vortices (Volcano)
810 creatures vanquished.

Vanquished Creatures (others)
  An ogre mage (D:15)
  4 deep elf knights
  A deep elf pyromancer (Elf:1)
  A deep elf zephyrmancer (Elf:1)
  A water elemental (Elf:2)
  A bush (Lair:5)
  2 fire vortices (Volcano)
  42 fungi
  65 plants
  6 withered plants (Lair:1)
124 creatures vanquished.

Grand Total: 934 creatures vanquished

Notes
Turn   | Place    | Note
-------+----------+-------------------------------------------
     0 | D:1      | Peloso the Minotaur Fighter began the quest for the Orb.
     0 | D:1      | Reached XP level 1. HP: 19/19 MP: 0/0
    62 | D:1      | Reached XP level 2. HP: 24/27 MP: 1/1
   245 | D:1      | Found a faded altar of an unknown god.
   365 | D:1      | Reached skill level 4 in Shields
   727 | D:2      | Reached XP level 3. HP: 33/33 MP: 2/2
   728 | D:2      | Noticed Natasha
   736 | D:2      | Killed Natasha
  1124 | D:2      | Noticed Natasha
  1134 | D:2      | Killed Natasha
  1135 | D:2      | Reached XP level 4. HP: 21/40 MP: 3/3
  1459 | D:2      | Noticed Natasha
  1466 | D:2      | Killed Natasha
  1885 | D:3      | Reached XP level 5. HP: 47/47 MP: 4/4
  2172 | D:4      | Found a stormy altar of Qazlal.
  2176 | D:4      | Found a runed translucent door.
  2247 | D:4      | Reached skill level 1 in Dodging
  2297 | D:4      | Reached skill level 5 in Armour
  2299 | D:4      | Found a runed translucent door.
  2308 | D:4      | Noticed xoxolimbo's ghost (amateur DsFE)
  2607 | D:4      | Reached skill level 5 in Long Blades
  2607 | D:4      | Reached XP level 6. HP: 42/53 MP: 5/5
  2703 | D:4      | Noticed Ijyb
  2715 | D:4      | Noticed Robin
  2719 | D:4      | Killed Ijyb
  2975 | D:4      | Killed Robin
  3197 | D:4      | Found a radiant altar of Vehumet.
  3209 | D:4      | Got Vehumet's Papyrus of Attacks
  3211 | D:4      | Found an ancient bone altar of Kikubaaqudgha.
  3212 | D:4      | Found a shimmering blue altar of Sif Muna.
  3306 | D:4      | Found a sparkling altar of Nemelex Xobeh.
  3306 | D:4      | Found an ornate altar of the Wu Jian Council.
  3337 | D:5      | Entered Level 5 of the Dungeon
  3356 | D:5      | Noticed Eustachio
  3372 | D:5      | Killed Eustachio
  3373 | D:5      | Reached skill level 5 in Shields
  3433 | D:5      | Reached XP level 7. HP: 48/60 MP: 6/6
  3537 | D:5      | Reached skill level 5 in Fighting
  3955 | D:5      | Noticed Grinder
  3965 | D:5      | Killed Grinder
  3966 | D:5      | Reached XP level 8. HP: 50/69 MP: 7/7
  5263 | D:6      | Found a basalt altar of Yredelemnul.
  5566 | D:6      | Reached XP level 9. HP: 74/79 MP: 8/8
  5677 | D:6      | Reached skill level 10 in Long Blades
  6071 | D:6      | Found a blossoming altar of Fedhas.
  6455 | D:7      | Noticed Prince Ribbit
  6457 | D:7      | Noticed Harold
  6459 | D:7      | Killed Prince Ribbit
  6476 | D:7      | Killed Harold
  6477 | D:7      | Reached skill level 1 in Stealth
  6477 | D:7      | Reached skill level 6 in Shields
  6999 | D:7      | Found a staircase to the Ecumenical Temple.
  7061 | D:7      | Reached XP level 10. HP: 85/90 MP: 9/9
  7243 | Temple   | Entered the Ecumenical Temple
  7274 | Temple   | Became a worshipper of Warmaster Okawaru
  7554 | D:8      | Noticed a purple ugly thing
  7566 | D:8      | Killed a purple ugly thing
  7566 | D:8      | Reached * piety under Okawaru
  7736 | D:8      | Noticed Gastronok
  8026 | D:9      | Reached ** piety under Okawaru
  8401 | D:9      | Reached skill level 10 in Armour
  8404 | D:9      | Reached skill level 7 in Shields
  8461 | D:9      | Noticed a vault sentinel
  8461 | D:9      | Noticed a vault sentinel
  8482 | D:9      | Killed a vault sentinel
  8483 | D:9      | Reached skill level 10 in Fighting
  8488 | D:9      | Killed a vault sentinel
  8496 | D:9      | Reached *** piety under Okawaru
  8497 | D:9      | Reached XP level 11. HP: 81/99 MP: 8/10
  8512 | D:9      | Found the +18 shield of the Gong {rElec rN+ Will+ EV-5}
  9005 | D:10     | Entered Level 10 of the Dungeon
  9013 | D:10     | Found a broken altar of Ashenzari.
  9047 | D:10     | Reached **** piety under Okawaru
  9048 | D:10     | Reached skill level 8 in Shields
  9064 | D:10     | Found a burning altar of Makhleb.
  9101 | D:10     | Noticed a five-headed hydra
  9118 | D:10     | Noticed Joseph
  9133 | D:9      | Killed a five-headed hydra
  9229 | D:10     | Killed Joseph
  9230 | D:10     | Reached skill level 1 in Short Blades
  9230 | D:10     | Reached skill level 9 in Shields
  9260 | D:10     | Identified the +9 dagger of Biskoj {flame, rElec MP-9
                  | Dex+7}
  9772 | D:11     | Found a staircase to the Lair.
  9814 | D:11     | Noticed a boulder beetle
  9825 | D:11     | Found a shadowy altar of Dithmenos.
  9869 | D:11     | Reached ***** piety under Okawaru
  9930 | D:11     | Killed a boulder beetle
  9935 | D:11     | Reached skill level 10 in Shields
 10416 | D:11     | Noticed a five-headed hydra
 10424 | D:11     | Killed a five-headed hydra
 10424 | D:11     | Received a gift from Okawaru
 10789 | D:11     | Found a staircase to the Orcish Mines.
 11259 | D:9      | Reached XP level 12. HP: 108/108 MP: 11/11
 11306 | D:8      | Killed Gastronok
 11307 | D:8      | Reached skill level 11 in Shields
 11544 | Lair:1   | Entered Level 1 of the Lair of Beasts
 11600 | Lair:1   | Noticed a six-headed hydra
 11606 | Lair:1   | Reached skill level 12 in Shields
 11614 | Lair:1   | HP: 5/110 [seven-headed hydra (1)]
 11617 | Lair:1   | Killed a seven-headed hydra
 11713 | Lair:1   | Found a dark tunnel.
 11731 | Volcano  | Entered a volcano
 11852 | Volcano  | Received a gift from Okawaru
 11950 | Volcano  | Reached skill level 13 in Shields
 12008 | Volcano  | Reached skill level 1 in Invocations
 12439 | Lair:1   | Found a runed translucent gate.
 12439 | Lair:1   | Found a runed translucent gate.
 12439 | Lair:1   | Found a runed translucent gate.
 12439 | Lair:1   | Noticed Htamos's ghost (journeyman TrEE)
 12440 | Lair:1   | Noticed Gargoyl's ghost (novice GnAK)
 12833 | Lair:2   | Found a gate leading to a gauntlet.
 12842 | Gauntlet | Entered a Gauntlet
 12842 | Gauntlet | Found a transporter.
 12842 | Gauntlet | Found a transporter.
 12852 | Gauntlet | Found a transporter.
 12855 | Gauntlet | Found a transporter.
 12863 | Gauntlet | Found a transporter.
 12868 | Gauntlet | Found a transporter.
 12870 | Gauntlet | Noticed a ghost crab
 12883 | Gauntlet | Found a transporter.
 12896 | Gauntlet | Found a transporter.
 12910 | Gauntlet | Found a transporter.
 12914 | Gauntlet | Found a transporter.
 12914 | Gauntlet | Found the +3 Mad Mage's Maulers {Infuse+∞, RegenMP, Int-3}
 12927 | Gauntlet | Found a transporter.
 12931 | Gauntlet | Found a transporter.
 13067 | Gauntlet | Reached XP level 13. HP: 119/119 MP: 1/13
 13080 | Gauntlet | Identified the ring of Attitude {rElec rF+ Str+3 Dex+2}
 13099 | Gauntlet | Identified the +8 broad axe of Kelis {antimagic, rF- rC-
                  | Will+++ rCorr}
 13099 | Gauntlet | Noticed a minotaur
 13110 | Gauntlet | Killed a minotaur
 13703 | Lair:3   | Reached ****** piety under Okawaru
 13732 | Lair:3   | Reached skill level 14 in Shields
 13739 | Lair:3   | Identified the +0 pair of boots of Taezxil {rElec Dex+5}
                  | (Okawaru gifted it to you on level 3 of the Lair of Beasts)
 13739 | Lair:3   | Received a gift from Okawaru
 13762 | Lair:3   | Reached skill level 15 in Long Blades
 13870 | Lair:3   | Found a staircase to the Snake Pit.
 14629 | D:12     | Noticed Jorgrun
 14647 | D:12     | Killed Jorgrun
 14659 | D:12     | Reached skill level 15 in Shields
 14673 | D:12     | Noticed Maurice
 14759 | D:12     | Killed Maurice
 16146 | Lair:4   | Received a gift from Okawaru
 16185 | Lair:4   | Reached skill level 16 in Shields
 16353 | Lair:4   | Found a staircase to the Swamp.
 16762 | Lair:1   | Killed Htamos's ghost
 16771 | Lair:1   | Killed Gargoyl's ghost
 16772 | Lair:1   | Reached XP level 14. HP: 129/129 MP: 1/14
 16782 | Lair:1   | Identified the +0 pair of boots "Tatup" {+Blink}
 16859 | D:13     | Found Uvienot's Antique Weapon Emporium.
 17214 | D:13     | Found Ujahad's Antique Weapon Shop.
 17332 | D:13     | Found a bloodstained altar of Trog.
 17975 | Orc:1    | Entered Level 1 of the Orcish Mines
 18078 | Orc:2    | Entered Level 2 of the Orcish Mines
 18082 | Orc:2    | Found Sysoegib's Antique Weapon Shop.
 18099 | Orc:2    | Found a staircase to the Elven Halls.
 18109 | Orc:2    | Noticed an orc warlord
 18170 | Orc:1    | Identified the +1 pair of boots of Free Will {Int+6}
                  | (Okawaru gifted it to you on level 1 of the Orcish Mines)
 18170 | Orc:1    | Received a gift from Okawaru
 18175 | Orc:1    | Killed an orc warlord
 18397 | Orc:2    | Reached skill level 17 in Shields
 18399 | Orc:2    | Reached skill level 1 in Evocations
 18680 | Orc:2    | Found Jijosepn's Book Boutique.
 18832 | Orc:2    | Found Eceiraup's General Store.
 18856 | Orc:2    | Found Zenei's Antique Weapon Boutique.
 18882 | Orc:2    | Reached skill level 5 in Dodging
 18932 | Orc:2    | Found Cov Geci's Antique Armour Shoppe.
 20128 | D:14     | Found a runed translucent door.
 20138 | D:14     | Found the +10 tower shield of Ignorance {rN+ Int-4}
 20145 | D:14     | Found a runed translucent door.
 20187 | D:14     | Found a gate to the Vaults.
 20226 | D:14     | Reached skill level 18 in Shields
 20688 | D:14     | Received a gift from Okawaru
 20693 | D:14     | Noticed Kirke
 20733 | D:14     | Killed Kirke
 20734 | D:14     | Reached XP level 15. HP: 138/138 MP: 0/15
 20976 | D:15     | Entered Level 15 of the Dungeon
 21010 | D:15     | Found a portal to a secret trove of treasure.
 21115 | D:15     | Reached skill level 19 in Shields
 21263 | D:15     | Found a runed translucent gate.
 21264 | D:15     | Found a runed translucent gate.
 21266 | D:15     | Found a runed translucent gate.
 21268 | D:15     | Noticed Bankemomn's ghost (journeyman NaIE)
 21268 | D:15     | Noticed an acid blob
 21270 | D:15     | Found a viscous altar of Jiyva.
 21356 | D:15     | Found a staircase to the Depths.
 21540 | D:15     | Identified 2 scrolls of acquirement
 21699 | D:13     | Acquired a +3 double sword of freezing
 22206 | Lair:5   | Identified the +1 pair of gloves "Voff" {rElec rN+ Int-4
                  | Stlth+} (Okawaru gifted it to you on level 5 of the Lair of
                  | Beasts)
 22206 | Lair:5   | Received a gift from Okawaru
 22334 | Lair:5   | Found a runed translucent door.
 22335 | Lair:5   | Found a viscous altar of Jiyva.
 22336 | Lair:5   | Found a staircase to the Slime Pits.
 22872 | Lair:6   | Entered Level 6 of the Lair of Beasts
 23133 | Lair:5   | Reached skill level 20 in Shields
 23304 | Lair:6   | Identified the +0 robe "Qula" {rN++ Stlth+} (Okawaru gifted
                  | it to you on level 6 of the Lair of Beasts)
 23304 | Lair:6   | Received a gift from Okawaru
 23384 | Lair:6   | Reached skill level 15 in Fighting
 23928 | Lair:6   | Identified the +2 helmet "Kiquqoic" {rN+ Dex+3}
 24665 | Elf:1    | Entered Level 1 of the Elven Halls
 24811 | Elf:1    | Noticed Agnes
 24817 | Elf:1    | Killed Agnes
 24851 | Elf:1    | Reached XP level 16. HP: 149/149 MP: 1/16
 25150 | Elf:1    | Found Dianenik's Book Boutique.
 25473 | Elf:1    | Reached skill level 21 in Shields
 25747 | Elf:2    | Paralysed by an air elemental for 1 turns
 25856 | Elf:2    | Reached skill level 15 in Armour
 25865 | Elf:2    | Paralysed by an air elemental for 1 turns
 25877 | Elf:2    | Identified the +9 falchion of Peril {drain, rElec Int+4}
                  | (Okawaru gifted it to you on level 2 of the Elven Halls)
 25877 | Elf:2    | Received a gift from Okawaru
 26170 | Elf:2    | Found Ryphesha's Assorted Antiques.
 26271 | Elf:3    | Entered Level 3 of the Elven Halls
 26363 | Elf:3    | Found a magical portal.
 26369 | WizLab   | Entered Cigotuvi's Fleshworks
 26574 | WizLab   | Noticed Cigotuvi's Monster
 26586 | WizLab   | HP: 6/152 [constriction (18)]
 26587 | WizLab   | HP: 2/152 [Cigotuvi's Monster (5)]
 26587 | WizLab   | Constricted to death by Cigotuvi's Monster

Illustrated notes

Levels and vault maps discovered:
D:1:      roderic_chinese_lattice_arrival, layout_basic, basic_ecumenical_altar,
          interstate_on_off, minmay_misc_feat_rugged
D:2:      layout_basic, grunt_decor_junction, uniq_natasha
D:3:      layout_rooms
D:4:      layout_rooms, grunt_temple_overflow_magic_moments,
          mainiacjoe_overflow_boulevard, gammafunk_temple_overflow_elements,
          serial_aquarium, aquarium_bridge_straight [aquarium_subvault_bridge,
          aquarium_subvault_wall, aquarium_subvault_bridge,
          aquarium_subvault_wall], aquarium_window_3, aquarium_window_2,
          aquarium_view_2c, aquarium_view_2d, aquarium_balcony_3a,
          ebering_ghost_sewer_f, uniq_ijyb, uniq_robin
D:5:      layout_basic, uniq_grinder, uniq_eustachio
D:6:      kb_forest_paths, layout_basic, lemuel_mausoleum_altar_yredelemnul,
          mainiacjoe_overflow_six_doors_small, kennysheep_generic_room_15
D:7:      layout_loops_cross, minmay_temple_entry_hall,
          kennysheep_decorative_pillar, uniq_harold, uniq_prince_ribbit1
D:8:      cheibrodos_quashed, layout_rooms, uniq_gastronok
D:9:      minmay_octagon_keep, layout_cave_pods, minmay_splitting_lines,
          hellmonk_guarded_unrand_gong
D:10:     layout_long_grid, nicolae_ashenzari_skybound,
          overflow_temple_1_default, uniq_joseph
D:11:     layout_loops_corners, david_lair_generic, erik_orc_1, hex_large,
          grunt_dithmenos_smoke_and_mirrors
D:12:     layout_layer_cave, uniq_maurice, uniq_jorgrun
D:13:     layout_long_grid, serial_shops, nicolae_stop_n_shop_2, shop_fountains,
          trog_butcher_becter
D:14:     layout_roguey, ximxim_vaults_locker_room, grunt_decor_arrowhead,
          chequers_guarded_unrand_ignorance, uniq_kirke
D:15:     grunt_enter_depths_hoard, layout_rooms,
          nicolae_trove_entry_free_sample, gammafunk_ghost_ooze,
          grunt_decor_one_mirror, minmay_misc_feat_roman, lemuel_nasty_fountain
Temple:   minmay_temple_bridge_abc
Lair:1:   layout_loops_ring, gammafunk_ghost_cemetery, enter_volcano_3
Lair:2:   layout_gridlike, gauntlet_entry_generic, grunt_megastairs_1
Lair:3:   layout_loops_ring, minmay_snake_entry_guardpost_small,
          grunt_megastairs_2
Lair:4:   layout_gridlike, minmay_swamp_entry_swarm, special_room
          [special_room_mythical_zoo], lemuel_fruit_fields
Lair:5:   layout_cave_pods, slime_altar_2, serial_bayou_shore_b,
          grunt_megastairs_4
Lair:6:   minmay_lair_end_frog_pond, layout_layer_cave, minmay_lair_drake_nest
Orc:1:    layout_diamond_mine, basic_altar, nicolae_orc_bridge_out
Orc:2:    grunt_orc_gardens, layout_caves, grunt_orc_garden, grunt_orc_garden,
          grunt_orc_garden, grunt_orc_garden, serial_shops, shop
Elf:1:    elf_arrival_001, layout_geoelf_octagon, serial_shops,
          nicolae_shop_waterfront, evilmike_minifort, uniq_agnes
Elf:2:    nicolae_elf_blades_splatter_lattice [nicolae_blade_little_rooms],
          layout_loops_ring, serial_shops, shop
Elf:3:    grunt_elf_hall_spiral, layout_gridlike, mu_enter_wizlab_4
WizLab:   wizlab_cigotuvi

Skill      XL: |  1  2  3  4  5  6  7  8  9 10 11 12 13 14 15 16 |
---------------+-------------------------------------------------+-----
Fighting       | 4 5 7 8 10 12 13 14 15 16 | 16.3
Armour         | 4 5 6 7 9 10 11 12 13 14 15 | 15.2
Shields        | 4 5 6 7 10 13 16 18 20 21 | 21.8
Long Blades    | 3 4 5 6 7 9 11 13 14 15 16 17 18 | 18.3
Dodging        | 1 2 3 4 5 |  5.6
Stealth        | 1 2 |  2.1
Short Blades   | 1 |  1.7
Invocations    | 1 |  1.6
Evocations     | 1 |  1.1

Action                   |  1- 3 |  4- 6 |  7- 9 | 10-12 | 13-15 | 16-18 || total
-------------------------+-------+-------+-------+-------+-------+-------++-------
Melee: Long sword        |    57 |   121 |   286 |   649 |       |       ||  1113
       Headbutt          |    10 |    24 |    75 |   218 |   381 |   100 ||   808
       Short sword       |       |       |       |     9 |       |       ||     9
       Dagger            |       |       |       |    12 |       |       ||    12
       Scimitar          |       |       |       |   139 |   871 |       ||  1010
       Double sword      |       |       |       |       |   286 |   278 ||   564
Invok: Heroism           |       |       |       |    11 |     3 |       ||    14
Evoke: Wand              |       |       |     2 |     1 |     8 |       ||    11
  Use: Scroll            |     3 |       |     4 |    10 |     8 |     4 ||    29
       Potion            |       |       |       |     6 |       |     3 ||     9
Armor: Scale mail        |    29 |    14 |       |       |       |       ||    43
       Chain mail        |       |    53 |   142 |   228 |       |       ||   423
       Plate armour      |       |       |       |    12 |   298 |    28 ||   338
Dodge: Dodged            |    25 |    53 |    90 |   115 |    94 |    24 ||   401
       Repelled          |       |       |       |       |     1 |     9 ||    10
Block: Buckler           |     8 |    29 |    62 |    63 |       |       ||   162
       Kite shield       |       |       |       |   661 |  1657 |   278 ||  2596

Table legend: (Time is in decaauts)
 A = Elapsed time spent in this place.
 B = Non-inter-level travel time spent in this place.
 C = Inter-level travel time spent in this place.
 D = Time resting spent in this place.
 E = Time spent auto-exploring this place.
 F = Levels seen in this place.
 G = Mean time per level.
                   A        B        C        D        E       F      G
               +--------+--------+--------+--------+--------+-----+--------+
         Total |  26081 |  24485 |   1596 |   1076 |  16912 |  30 |  869.4 |
       Dungeon |  15541 |  14567 |    974 |    441 |  10659 |  15 | 1036.1 |
        Temple |     51 |     31 |     20 |      0 |     19 |   1 |   51.0 |
          Lair |   6020 |   5556 |    464 |    206 |   4099 |   6 | 1003.3 |
  Orcish Mines |   1970 |   1870 |    100 |    244 |   1154 |   2 |  985.0 |
   Elven Halls |   1630 |   1595 |     35 |     42 |    963 |   3 |  543.3 |
       Volcano |    396 |    396 |      0 |    109 |     18 |   1 |  396.0 |
        Wizlab |    201 |    201 |      0 |     34 |      0 |   1 |  201.0 |
      Gauntlet |    268 |    268 |      0 |      0 |      0 |   1 |  268.0 |
               +--------+--------+--------+--------+--------+-----+--------+

Top non-repeatable levels by time:
    D:11: 1806 daAuts
     D:6: 1721 daAuts
  Lair:5: 1326 daAuts
  Lair:6: 1240 daAuts
     D:9: 1219 daAuts
     D:5: 1181 daAuts
     D:7: 1161 daAuts
     D:2: 1153 daAuts
    D:13: 1144 daAuts
    D:12: 1131 daAuts
   Orc:1: 1094 daAuts
   Elf:1: 1003 daAuts
  Lair:3: 970 daAuts
     D:4: 958 daAuts
   Orc:2: 876 daAuts
